 Dungeon Crawl Stone Soup version 0.30.0-30-g96aa6591b8 (webtiles) character file.

Game seed: 4043140507007888298

4 javelincjr the Magician (level 1, 0/13 HPs)
             Began as a Demonspawn Hedge Wizard on June 30, 2023.
             Slain by a kobold
             ... wielding a +0 club
              (2 damage)
             ... on level 1 of the Dungeon.
             The game lasted 00:00:21 (58 turns).

javelincjr the Magician (Demonspawn Hedge Wizard)     Turns: 58, Time: 00:00:21

Health: 0/13       AC:  2    Str: 10    XL:     1   Next: 50%
Magic:  0/4        EV: 12    Int: 15    God:
Gold:   0          SH:  0    Dex: 12    Spells: 5/6 levels left

rFire   . . .        a - +0 dagger
rCold   . . .        (no shield)
rNeg    . . .        b - +0 robe
rPois   .            c - +0 hat
rElec   .            (no cloak)
rCorr   .            (no gloves)
SInv    .            (no boots)
Will    .....        (no amulet)
Stlth   ++           (no ring)
HPRegen 0.22/turn    (no ring)
MPRegen 0.09/turn

%: no passive effects
@: no status effects
A: no striking features
a: no special abilities


You were on level 1 of the Dungeon.
You visited 1 branch of the dungeon, and saw 1 of its levels.

Inventory:

Hand Weapons
 a - a +0 dagger (weapon)
Armour
 b - a +0 robe (worn)
 c - a +0 hat (worn)
Potions
 d - a potion of magic
 e - a potion of flight {unknown}


   Skills:
 + Level 1.8 Dodging
 + Level 1.8 Stealth
 + Level 3.0 Spellcasting
 + Level 1.1 Conjurations
 + Level 1.1 Summonings
 + Level 1.0 Translocations


You had 5 spell levels left.
You knew the following spells:

 Your Spells              Type           Power      Damage    Failure   Level
a - Magic Dart            Conj           20%        1d4       13%         1

Your spell library contained the following spells:

 Spells                   Type           Power      Damage    Failure   Level
 Call Imp                 Summ           10%        N/A       19%         2
 Slow                     Hex            8%         N/A       21%         1
 Blink                    Tloc           10%        N/A       21%         2
 Cigotuvi's Dreadful Rot  Necr/Pois/Air  4%         N/A       30%         2
 Mephitic Cloud           Conj/Pois/Air  3%         N/A       45%         3


Dungeon Overview and Level Annotations

Branches:
Dungeon (1/15)

Altars:


Message History

The bat hits you but does no damage.
You hit the bat.
The bat is severely wounded.
The hobgoblin shouts!
The bat closely misses you.
The magic dart hits the bat.
You kill the bat!
Your Translocations skill increases to level 1!
The hobgoblin barely misses you.
You closely miss the hobgoblin.
The hobgoblin hits you but does no damage.
You closely miss the hobgoblin. The hobgoblin barely misses you.
You completely miss the hobgoblin. The hobgoblin misses you.
You hit the hobgoblin but do no damage. The hobgoblin hits you.
A kobold comes into view. It is wielding a +0 club.
The kobold shouts!
You hit the hobgoblin.
The hobgoblin is lightly wounded.
The hobgoblin misses you.
You completely miss the hobgoblin. The hobgoblin closely misses you.
You hit the hobgoblin.
The hobgoblin is heavily wounded.
The hobgoblin barely misses you. The kobold hits you with a +0 club.
You are too injured to fight recklessly!
Unknown command.
Casting: Magic Dart (safe; 13% risk of failure)
Confirm with . or Enter, or press ? or * to list all spells.
Aiming: Magic Dart (safe; 13% risk of failure)
Press: ? - help, Shift-Dir - straight line, f - hobgoblin
Aim: a hobgoblin (heavily wounded, 100% to hit)
The magic dart hits the hobgoblin.
You kill the hobgoblin!
The kobold hits you with a +0 club.
You are too injured to fight recklessly!
You hit the kobold but do no damage. The kobold hits you with a +0 club.
* * * LOW HITPOINT WARNING * * *
You hit the kobold but do no damage. The kobold closely misses you.
You barely miss the kobold. The kobold barely misses you.
You closely miss the kobold. The kobold hits you with a +0 club.
You die...

#.##.####
#.##....##
#.###....#
#.#......#####
#.#####....#..
#.. #..#.#.# #
#.. #..).#.##.#
#....#†...#
#.(..@K[#
#.......#
...........#
.####..........
#.....#####
#)....# ......#
.......#
........#


You could see a kobold.

Vanquished Creatures
  A bat (D:1)
  A goblin (D:1)
  A hobgoblin (D:1)
3 creatures vanquished.

Notes
Turn   | Place    | Note
-------+----------+-------------------------------------------
     0 | D:1      | javelincjr the Demonspawn Hedge Wizard began the quest for
                  | the Orb.
     0 | D:1      | Reached XP level 1. HP: 13/13 MP: 4/4
    46 | D:1      | Reached skill level 1 in Translocations
    58 | D:1      | Slain by a kobold

Illustrated notes

Levels and vault maps discovered:
D:1:      dpeg_arrival_lava_altar, layout_basic,
          hellmonk_ecumenical_altar_leap_of_faith

Skill      XL: |  1 |
---------------+----+-----
Translocations | 1 |  1.0
Dodging        | |  1.8
Stealth        | |  1.8
Spellcasting   | |  3.0
Conjurations   | |  1.1
Summonings     | |  1.1

Action                     || total
---------------------------++-------
  Melee: Dagger            ||    13
   Cast: Magic Dart        ||     6
 Armour: Robe              ||     3
  Dodge: Dodged            ||    10
